[Event "ICC tourney 2548 (75 10)"]
[Site "Internet Chess Club"]
[Date "2021.05.01"]
[Round "1"]
[White "ALEKSANDROV, ALEKSEJ:Aleksandrov73"]
[Black "KRISHNAKUMAR, SRIRAM:sriramk"]
[Result "1-0"]
[ICCResult "Black resigns"]
[WhiteElo "2623"]
[BlackElo "2149"]
[Opening "QGD semi-Slav: Meran, Rabinovich variation"]
[ECO "D49"]
[NIC "SL.09"]
[Time "11:05:29"]
[PlyCount "53"]
[TimeControl "4500+10"]

1. d4 d5 2. c4 c6 3. Nc3 Nf6 4. e3 e6 5. Nf3 Nbd7 6. Bd3 dxc4 7. Bxc4 b5 8.
Bd3 a6 9. e4 c5 10. e5 cxd4 11. Nxb5 Ng4 12. Nbxd4 Bc5 13. Be4 Rb8 14. O-O
Qb6 15. Bf4 Bb7 16. Bxb7 Rxb7 17. h3 Bxd4 18. hxg4 Bxb2 19. Rb1 Qc7 20. Qe2
Ba3 21. Qxa6 Ra7 22. Qd3 O-O 23. Ng5 g6 24. Qh3 h5 25. gxh5 Kg7 26. hxg6
Rh8 27. Qg3 { Black resigns } 1-0

[Event "ICC tourney 2548 (75 10)"]
[Site "Internet Chess Club"]
[Date "2021.05.01"]
[Round "1"]
[White "BELOUS, VLADIMIR:Openyagami"]
[Black "CARTER, DAVID E:CARTERD253"]
[Result "1-0"]
[ICCResult "Black resigns"]
[WhiteElo "2602"]
[BlackElo "2119"]
[Opening "Réti: King's Indian attack"]
[ECO "A08"]
[NIC "QP.09"]
[Time "11:05:27"]
[PlyCount "65"]
[TimeControl "4500+10"]

1. Nf3 d5 2. g3 c5 3. Bg2 Nc6 4. O-O e6 5. c4 Nf6 6. d4 dxc4 7. dxc5 Qxd1
8. Rxd1 Bxc5 9. Nbd2 c3 10. bxc3 O-O 11. Nb3 Bb6 12. Nfd4 Bd7 13. Nb5 Ne5
14. Nd6 Bc6 15. Nxb7 Bxg2 16. Kxg2 Ne4 17. Bf4 Ng6 18. c4 Nxf4+ 19. gxf4
Nxf2 20. Rd7 Ng4 21. c5 Nf6 22. Rad1 Nxd7 23. Rxd7 Rac8 24. cxb6 axb6 25.
Nd4 Ra8 26. Nc6 Rxa2 27. Ne7+ Kh8 28. Nd6 g6 29. Kf3 Kg7 30. Nc6 Ra3+ 31.
e3 Ra2 32. Nd8 Rxh2 33. Nxe6+ { Black resigns } 1-0

[Event "ICC tourney 2548 (75 10)"]
[Site "Internet Chess Club"]
[Date "2021.05.01"]
[Round "1"]
[White "ZENG, ELBERT:investigator"]
[Black "Volkov, Sergey:Volkov"]
[Result "0-1"]
[ICCResult "White resigns"]
[WhiteElo "2123"]
[BlackElo "2607"]
[Opening "Réti opening"]
[ECO "A11"]
[NIC "RE.07"]
[Time "11:05:25"]
[PlyCount "60"]
[TimeControl "4500+10"]

1. Nf3 d5 2. c4 c6 3. g3 Nf6 4. Bg2 dxc4 5. O-O Nbd7 6. Qc2 e5 7. a4 e4 8.
Ng5 Nc5 9. Na3 Qd5 10. Nh3 Nb3 11. Rb1 Nd4 12. Qd1 Bxh3 13. Bxh3 Qh5 14.
Kg2 Nxe2 15. f3 Nxc1 16. Qxc1 Bxa3 17. bxa3 Qd5 18. Rxb7 O-O 19. fxe4 Qxe4+
20. Kg1 Rad8 21. Rf4 Qe5 22. Rxc4 Ne4 23. Bg2 Nd6 24. d4 Qf6 25. Rxa7 Nxc4
26. Qxc4 Rxd4 27. Qf1 Qd6 28. Qf2 Rd2 29. Qe3 Rd3 30. Qf2 Rxa3 { White
resigns } 0-1

[Event "ICC tourney 2548 (75 10)"]
[Site "Internet Chess Club"]
[Date "2021.05.01"]
[Round "1"]
[White "CHEN, RYO WENYU:e4f5"]
[Black "SHARMA, VISHRUTH:VishyNo1"]
[Result "1-0"]
[ICCResult "Black resigns"]
[WhiteElo "2295"]
[BlackElo "2081"]
[Opening "Ruy Lopez: Anderssen variation"]
[ECO "C77"]
[NIC "RL.12"]
[Time "11:05:54"]
[PlyCount "57"]
[TimeControl "4500+10"]

1. e4 e5 2. Nf3 Nc6 3. Bb5 a6 4. Ba4 Nf6 5. d3 d6 6. c3 g6 7. O-O Bg7 8.
Nbd2 O-O 9. Re1 Nh5 10. Nf1 Kh8 11. Bg5 f6 12. Bh4 Nf4 13. Bg3 g5 14. Ne3
Ne7 15. d4 Neg6 16. Nf5 h5 17. Bxf4 Nxf4 18. g3 Nh3+ 19. Kg2 g4 20. N3h4
Kh7 21. f3 Bh6 22. fxg4 hxg4 23. Qxg4 Nf4+ 24. Kh1 Rg8 25. Qf3 Ne6 26. Nxh6
Kxh6 27. Nf5+ Kg6 28. Qg4+ Ng5 29. h4 { Black resigns } 1-0

[Event "ICC tourney 2548 (75 10)"]
[Site "Internet Chess Club"]
[Date "2021.05.01"]
[Round "1"]
[White "TURCOTTE,JONATHAN:JonnyTurgi"]
[Black "HEBDEN, MARK L:mhebden"]
[Result "0-1"]
[ICCResult "White resigns"]
[WhiteElo "2100"]
[BlackElo "2503"]
[Opening "King's Indian: orthodox, Aronin-Taimanov, bayonet attack"]
[ECO "E97"]
[NIC "KI.05"]
[Time "11:05:22"]
[PlyCount "72"]
[TimeControl "4500+10"]

1. d4 Nf6 2. c4 g6 3. Nc3 Bg7 4. e4 d6 5. Be2 O-O 6. Nf3 e5 7. O-O Nc6 8.
d5 Ne7 9. b4 Ne8 10. c5 Kh8 11. a4 f5 12. Nd2 Nf6 13. f3 f4 14. Nc4 g5 15.
Ba3 Ng6 16. b5 dxc5 17. Bxc5 Rg8 18. d6 Bf8 19. Kh1 Be6 20. Rc1 Rg7 21.
dxc7 Qxc7 22. Bxf8 Rxf8 23. Nd5 Qd8 24. Nxf6 Qxf6 25. a5 h5 26. h3 Rd8 27.
Qe1 g4 28. fxg4 hxg4 29. Bxg4 Bxg4 30. hxg4 Rd4 31. Rf3 Qg5 32. Rh3+ Kg8
33. Qe2 f3 34. Qe3 fxg2+ 35. Kg1 Nf4 36. Rh2 Ne2+ { White resigns } 0-1

[Event "ICC tourney 2548 (75 10)"]
[Site "Internet Chess Club"]
[Date "2021.05.01"]
[Round "1"]
[White "LI, ERIC YUHAN:funplaychess"]
[Black "DENG, HENRY:SuperPuzzler"]
[Result "1/2-1/2"]
[ICCResult "Game drawn by mutual agreement"]
[WhiteElo "2277"]
[BlackElo "2076"]
[Opening "Old Indian: main line"]
[ECO "A55"]
[NIC "OI.04"]
[Time "11:05:22"]
[PlyCount "55"]
[TimeControl "4500+10"]

1. d4 Nf6 2. c4 d6 3. Nc3 Nbd7 4. e4 e5 5. Nf3 g6 6. d5 Nc5 7. Qc2 a5 8. h3
Bg7 9. Be3 Nfd7 10. g4 O-O 11. Rg1 Na6 12. a3 Kh8 13. O-O-O Ndc5 14. Nd2 f5
15. gxf5 gxf5 16. Be2 fxe4 17. Ndxe4 Bf5 18. Bd3 Nxd3+ 19. Qxd3 Qh4 20. Rg3
Bh6 21. Bxh6 Qxh6+ 22. Qe3 Qxe3+ 23. fxe3 Bg6 24. Kd2 Rf7 25. Rdg1 Raf8 26.
Ke1 Rf3 27. Rxf3 Rxf3 28. Rg3 { Game drawn by mutual agreement } 1/2-1/2

[Event "ICC tourney 2548 (75 10)"]
[Site "Internet Chess Club"]
[Date "2021.05.01"]
[Round "1"]
[White "RODRIGUEZ, ELENA:Cachi16"]
[Black "VAKHIDOV, JAKHONGIR:TjkTiger"]
[Result "0-1"]
[ICCResult "White resigns"]
[WhiteElo "2100"]
[BlackElo "2602"]
[Opening "Sicilian: accelerated fianchetto, Maróczy bind, 6.Be3"]
[ECO "B38"]
[NIC "SI.43"]
[Time "11:05:54"]
[PlyCount "58"]
[TimeControl "4500+10"]

1. e4 c5 2. Nf3 g6 3. c4 Bg7 4. d4 cxd4 5. Nxd4 Nc6 6. Be3 Qb6 7. Nb5 Qa5+
8. N1c3 Nf6 9. f3 d6 10. Be2 a6 11. Nd4 Nxd4 12. Bxd4 Be6 13. O-O O-O 14.
Rc1 Rfc8 15. b3 b5 16. cxb5 axb5 17. Nxb5 Rxc1 18. Qxc1 Qxa2 19. Bc4 Rc8
20. Qa3 Qd2 21. Rf2 Qg5 22. Na7 Nxe4 23. Bxg7 Nxf2 24. Qa1 Nh3+ 25. Kh1
Rxc4 26. bxc4 Nf4 27. g3 Qh5 28. gxf4 Qxf3+ 29. Kg1 Bh3 { White resigns }
0-1

[Event "ICC tourney 2548 (75 10)"]
[Site "Internet Chess Club"]
[Date "2021.05.01"]
[Round "1"]
[White "HU, MERRIC:edmehu"]
[Black "HU, ALEXANDER C:ahu1015"]
[Result "0-1"]
[ICCResult "White resigns"]
[WhiteElo "2169"]
[BlackElo "2023"]
[Opening "Sicilian: dragon variation"]
[ECO "B70"]
[NIC "SI.15"]
[Time "11:05:55"]
[PlyCount "44"]
[TimeControl "4500+10"]

1. e4 c5 2. Nf3 d6 3. d4 cxd4 4. Nxd4 Nf6 5. Nc3 g6 6. g3 Bg7 7. Bg2 Nbd7
8. O-O O-O 9. h3 a6 10. f4 Rb8 11. Kh2 Qc7 12. a4 Nb6 13. e5 dxe5 14. fxe5
Nh5 15. Nf3 Bxe5 16. Nxe5 Qxe5 17. Qe1 Qxe1 18. Rxe1 Re8 19. a5 Nd7 20. g4
Ng7 21. Bf4 e5 22. Bd5 exf4 { White resigns } 0-1

[Event "ICC tourney 2548 (75 10)"]
[Site "Internet Chess Club"]
[Date "2021.05.01"]
[Round "1"]
[White "BROWN, WAYNE B:Plato"]
[Black "QUIRKE, JEFFREY L:PawnEatingZombi"]
[Result "1/2-1/2"]
[ICCResult "Game drawn by repetition"]
[WhiteElo "2025"]
[BlackElo "2185"]
[Opening "Caro-Kann: closed (Breyer) variation"]
[ECO "B10"]
[NIC "CK.01"]
[Time "11:05:40"]
[PlyCount "63"]
[TimeControl "4500+10"]

1. e4 c6 2. d3 d5 3. Nd2 e5 4. Ngf3 Bd6 5. g3 Nf6 6. Bg2 O-O 7. O-O Re8 8.
Re1 Nbd7 9. d4 Nxe4 10. Nxe4 dxe4 11. Nxe5 Nxe5 12. dxe5 Bxe5 13. Qxd8 Rxd8
14. Bxe4 Bh3 15. c3 Bc7 16. Be3 Bb6 17. Bxb6 axb6 18. Rad1 Kf8 19. a3 h6
20. f3 Be6 21. Bc2 Ke7 22. f4 g6 23. Kf2 Kf6 24. Rxd8 Rxd8 25. Rd1 Re8 26.
Rd6 Ke7 27. Rd2 b5 28. Be4 Kf6 29. Rd6 Ke7 30. Rd2 Kf6 31. Rd6 Ke7 32. Rd2
{ Game drawn by repetition } 1/2-1/2

[Event "ICC tourney 2548 (75 10)"]
[Site "Internet Chess Club"]
[Date "2021.05.01"]
[Round "1"]
[White "SHEEHAN, ETHAN THOMAS:Chessking2008"]
[Black "WANG, ALEXANDER J:ickyquarter"]
[Result "1-0"]
[ICCResult "Black resigns"]
[WhiteElo "2192"]
[BlackElo "2050"]
[Opening "King's Indian: orthodox, Aronin-Taimanov, bayonet attack"]
[ECO "E97"]
[NIC "KI.05"]
[Time "11:05:25"]
[PlyCount "81"]
[TimeControl "4500+10"]

1. d4 Nf6 2. c4 g6 3. Nc3 Bg7 4. e4 d6 5. Nf3 O-O 6. Be2 e5 7. O-O Nc6 8.
d5 Ne7 9. b4 Ne8 10. c5 f5 11. Nd2 f4 12. Bg4 Nf6 13. Bxc8 Rxc8 14. f3 g5
15. a4 h5 16. Ba3 g4 17. Nc4 a6 18. b5 gxf3 19. gxf3 Ne8 20. Qb3 Ng6 21.
Kh1 Rf6 22. b6 Qd7 23. bxc7 Rxc7 24. cxd6 Nxd6 25. Nxd6 Rxd6 26. Bxd6 Qxd6
27. Rac1 Nh4 28. Ne2 Rf7 29. Qc3 Kh7 30. Qc8 Qg6 31. Qh3 Bf6 32. d6 Bd8 33.
Rcd1 Qf6 34. Nc3 Rg7 35. Nd5 Qf7 36. Rg1 Qd7 37. Rxg7+ Qxg7 38. Rg1 Qf7 39.
Qc8 Qf8 40. Qe6 b5 41. d7 { Black resigns } 1-0

[Event "ICC tourney 2548 (75 10)"]
[Site "Internet Chess Club"]
[Date "2021.05.01"]
[Round "1"]
[White "WOFFORD, MATTHEW:hoshibosh"]
[Black "GUSEINOV, GADIR:GGuseinov"]
[Result "1-0"]
[ICCResult "Black resigns"]
[WhiteElo "2155"]
[BlackElo "2715"]
[Opening "Sicilian: accelerated fianchetto, modern variation with Bc4"]
[ECO "B35"]
[NIC "SI.33"]
[Time "11:05:54"]
[PlyCount "95"]
[TimeControl "4500+10"]

1. e4 c5 2. Nf3 g6 3. d4 cxd4 4. Nxd4 Nc6 5. Nc3 Bg7 6. Be3 Nf6 7. Bc4 O-O
8. Bb3 d6 9. f3 Qa5 10. Qd2 Nxd4 11. Bxd4 Be6 12. O-O-O b5 13. Kb1 b4 14.
Nd5 Bxd5 15. exd5 Qb5 16. Rhe1 a5 17. Qe2 Qxe2 18. Rxe2 a4 19. Bc4 Rfc8 20.
b3 Rc7 21. g4 Rb8 22. h3 Ne8 23. Bxg7 Kxg7 24. Rd4 axb3 25. Bxb3 Nf6 26.
Kb2 Kf8 27. g5 Nd7 28. Rh4 Ne5 29. Re3 Kg7 30. Rhe4 f5 31. gxf6+ exf6 32.
f4 f5 33. Rxe5 dxe5 34. fxe5 f4 35. Re1 Rc3 36. d6 Re3 37. Rxe3 fxe3 38.
Kc1 Rf8 39. Kd1 Rf4 40. Ke2 Re4 41. e6 Kf6 42. e7 g5 43. Ba4 Kf7 44. Bc6
Re5 45. Bf3 g4 46. Bxg4 h5 47. Bf3 h4 48. Bc6 { Black resigns } 1-0

[Event "ICC tourney 2548 (75 10)"]
[Site "Internet Chess Club"]
[Date "2021.05.01"]
[Round "1"]
[White "CHEUNG, RYAN:H2ODerp"]
[Black "LUO, TERRY:Terry1234"]
[Result "0-1"]
[ICCResult "White resigns"]
[WhiteElo "2069"]
[BlackElo "2266"]
[Opening "Sicilian: closed, 2...Nc6"]
[ECO "B23"]
[NIC "SI.44"]
[Time "11:05:23"]
[PlyCount "92"]
[TimeControl "4500+10"]

1. e4 c5 2. Nc3 Nc6 3. Bb5 Nd4 4. Nf3 a6 5. Bd3 Nc6 6. b3 g6 7. Bb2 Bg7 8.
Qe2 e6 9. O-O Nge7 10. e5 O-O 11. Ne4 Nf5 12. Nxc5 d6 13. Ne4 dxe5 14. c3
Nfe7 15. Bc2 f5 16. Ng3 e4 17. Ne1 e5 18. Rd1 Qc7 19. f3 exf3 20. Nxf3 b5
21. d4 exd4 22. Nxd4 Nxd4 23. cxd4 Nd5 24. Rfe1 Bb7 25. Qf2 f4 26. Nf1 Rae8
27. Be4 Ne3 28. Rc1 Qe7 29. Bxb7 Qxb7 30. Qf3 Qxf3 31. gxf3 Nf5 32. Rxe8
Rxe8 33. Rd1 Re2 34. Rd2 Re1 35. Kf2 Rb1 36. Ke2 Kf7 37. Bc3 h5 38. Rd3 g5
39. Nd2 Rg1 40. Ne4 g4 41. Kf2 Rh1 42. fxg4 hxg4 43. h3 g3+ 44. Kf3 Nh4+
45. Kxf4 g2 46. Ng5+ Kg8 { White resigns } 0-1

[Event "ICC tourney 2548 (75 10)"]
[Site "Internet Chess Club"]
[Date "2021.05.01"]
[Round "1"]
[White "JORAJURIA MENDOZA, ALGOL:AJM04"]
[Black "YAN, RUIYANG:jy2020"]
[Result "0-1"]
[ICCResult "White resigns"]
[WhiteElo "2050"]
[BlackElo "2229"]
[Opening "Sicilian: closed"]
[ECO "B23"]
[NIC "SI.44"]
[Time "11:05:24"]
[PlyCount "110"]
[TimeControl "4500+10"]

1. e4 c5 2. Nc3 d6 3. Nge2 Nc6 4. g3 g6 5. Bg2 Bg7 6. O-O e6 7. d3 Nge7 8.
Be3 Nd4 9. Qd2 O-O 10. Nd1 f5 11. c3 Nxe2+ 12. Qxe2 Rb8 13. d4 cxd4 14.
cxd4 fxe4 15. Bxe4 d5 16. Bg2 Nc6 17. Nc3 Nxd4 18. Qd3 Nc6 19. Bc5 Re8 20.
Rad1 Kh8 21. Rfe1 b6 22. Be3 Bb7 23. h4 Qf6 24. Bg5 Qf7 25. Nb5 Qd7 26. Nc3
Ne5 27. Qe2 Rbc8 28. h5 Nf7 29. Bc1 Rcd8 30. hxg6 hxg6 31. Qg4 Kh7 32. Qh4+
Kg8 33. Ne4 e5 34. Ng5 Nxg5 35. Bxg5 Rb8 36. Bf6 Qf7 37. Bxg7 Kxg7 38. Qg5
e4 39. Bh3 Rbd8 40. Rd4 Qf6 41. Qe3 Re7 42. Red1 Rh8 43. Bg4 Qe5 44. Kg2
Kf6 45. Rh1 Rxh1 46. Kxh1 Qg5 47. Qc3 Kf7 48. Bc8 Bxc8 49. Qxc8 Qe5 50. Qc3
Rc7 51. Qd2 Ke6 52. Kg2 Qf5 53. Qe2 Rf7 54. Rd3 Rh7 55. g4 Qf4 { White
resigns } 0-1

[Event "ICC tourney 2548 (75 10)"]
[Site "Internet Chess Club"]
[Date "2021.05.01"]
[Round "1"]
[White "PACIORKOWSKI, LEV:paciorkowski"]
[Black "EHSANI, YASSAMIN:Blue-Elephant1"]
[Result "1-0"]
[ICCResult "Black resigns"]
[WhiteElo "2482"]
[BlackElo "2095"]
[Opening "Réti opening"]
[ECO "A06"]
[NIC "QP.09"]
[Time "11:05:22"]
[PlyCount "107"]
[TimeControl "4500+10"]

1. Nf3 d5 2. e3 c6 3. c4 Nf6 4. Nc3 Nbd7 5. Qc2 e6 6. b3 Bd6 7. Bb2 a6 8.
d4 O-O 9. Bd3 e5 10. dxe5 Nxe5 11. Nxe5 Bxe5 12. cxd5 cxd5 13. Ne2 Bd6 14.
O-O h6 15. Nd4 Bg4 16. Bf5 Bxf5 17. Qxf5 Rc8 18. Rac1 Re8 19. g3 Rxc1 20.
Rxc1 Qa5 21. Qc2 Be5 22. Nf3 Bxb2 23. Qxb2 Ne4 24. Nd4 Kh7 25. b4 Qb6 26.
a3 Nd6 27. Qc2+ Kg8 28. Qc5 Qxc5 29. Rxc5 Nc4 30. Rxd5 Nxa3 31. Rd7 b6 32.
Ra7 Nb5 33. Rxa6 Nxd4 34. exd4 Rd8 35. Rxb6 Kh7 36. Rc6 Rxd4 37. b5 Rb4 38.
b6 f6 39. Kg2 Kg6 40. Kf3 Kf5 41. h4 Rb3+ 42. Kg2 Rb1 43. Rc5+ Ke6 44. Rc6+
Kf5 45. Rc5+ Ke6 46. Rc7 g6 47. b7 h5 48. Rg7 Kf5 49. f4 Ke6 50. Kf3 Kf5
51. Ke3 Rb4 52. Kd3 Rb1 53. Kd4 Rb2 54. Kd5 { Black resigns } 1-0

[Event "ICC tourney 2548 (75 10)"]
[Site "Internet Chess Club"]
[Date "2021.05.01"]
[Round "1"]
[White "DAI, GEORGE JINGCHANG:GeorgeDai"]
[Black "RAMA, TEJAS:tejasrama"]
[Result "1/2-1/2"]
[ICCResult "Game drawn by mutual agreement"]
[WhiteElo "2077"]
[BlackElo "2282"]
[Opening "QGD: 4.Nf3"]
[ECO "D37"]
[NIC "QP.06"]
[Time "11:10:36"]
[PlyCount "111"]
[TimeControl "4500+10"]

1. d4 Nf6 2. Nf3 d5 3. c4 e6 4. Nc3 Be7 5. cxd5 exd5 6. Bg5 O-O 7. e3 c6 8.
Bd3 Nbd7 9. O-O h6 10. Bh4 Ne4 11. Bxe7 Qxe7 12. Qc2 Re8 13. a3 a5 14. Rab1
b5 15. Rfc1 b4 16. Na4 Ba6 17. Bxa6 Rxa6 18. Qd3 Rea8 19. Rc2 Qd6 20. Rbc1
Nb8 21. Ne5 f6 22. Nc4 Qd8 23. Nd2 Nxd2 24. Qxd2 Qd6 25. Nc5 Rb6 26. a4 b3
27. Rc3 Na6 28. Rxb3 Nb4 29. Nd3 Rab8 30. Nxb4 Rxb4 31. Rxb4 Rxb4 32. Rc5
Qb8 33. g3 Rxa4 34. Rxc6 Ra1+ 35. Kg2 Ra2 36. Qc3 Qxb2 37. Qxb2 Rxb2 38.
Rc5 a4 39. Ra5 Ra2 40. Rxd5 Kf7 41. Rd7+ Kf8 42. Ra7 a3 43. h4 Ra1 44. Kf3
a2 45. Kf4 g6 46. Ke4 h5 47. Kf3 Ke8 48. Ke4 Kf8 49. Kf4 Ke8 50. f3 Kf8 51.
e4 Ke8 52. d5 Kf8 53. Ra6 Ke7 54. Ra8 Kd6 55. Ra6+ Ke7 56. Ra7+ { Game
drawn by mutual agreement } 1/2-1/2

[Event "ICC tourney 2548 (75 10)"]
[Site "Internet Chess Club"]
[Date "2021.05.01"]
[Round "1"]
[White "AHMED, SYED IBRAHIM:mr-sosa"]
[Black "OTAWA, YUTO:hidedozyo"]
[Result "1/2-1/2"]
[ICCResult "Game drawn because neither player has mating material"]
[WhiteElo "2086"]
[BlackElo "2344"]
[Opening "QGD: Charousek (Petrosian) variation"]
[ECO "D31"]
[NIC "QP.08"]
[Time "11:05:23"]
[PlyCount "115"]
[TimeControl "4500+10"]

1. d4 d5 2. c4 e6 3. Nc3 Be7 4. cxd5 exd5 5. Nf3 c6 6. Qc2 Nf6 7. Bg5 g6 8.
e3 Bf5 9. Bd3 Bxd3 10. Qxd3 Nbd7 11. h4 Nf8 12. Ne5 Ne6 13. f4 Nd7 14. Nf3
Nb6 15. O-O f6 16. Bh6 f5 17. Rae1 Bxh4 18. Nxh4 Qxh4 19. e4 dxe4 20. Nxe4
O-O-O 21. Ng5 Nxf4 22. Qd2 Qxh6 23. Qxf4 Rhe8 24. Qg3 Nd5 25. Nf7 Qg7 26.
Nd6+ Rxd6 27. Rxe8+ Kd7 28. Rd8+ Kxd8 29. Qxd6+ Kc8 30. Qc5 Qe7 31. Qxe7
Nxe7 32. Kf2 Kd7 33. Kf3 Kd6 34. Rh1 h5 35. Kf4 Ke6 36. Re1+ Kf6 37. Kf3 g5
38. b4 g4+ 39. Kg3 Nd5 40. a3 Kg5 41. Re8 h4+ 42. Kf2 Nf6 43. Re7 Kf4 44.
Rxb7 Ne4+ 45. Kf1 Kg3 46. Rxa7 f4 47. Rg7 f3 48. gxf3 Kxf3 49. a4 h3 50.
Kg1 Kg3 51. Rh7 Ng5 52. Rh8 Nf3+ 53. Kh1 Kf2 54. Rxh3 gxh3 55. b5 cxb5 56.
axb5 Nxd4 57. Kh2 Nxb5 58. Kxh3 { Game drawn because neither player has
mating material } 1/2-1/2

[Event "ICC tourney 2548 (75 10)"]
[Site "Internet Chess Club"]
[Date "2021.05.01"]
[Round "2"]
[White "Volkov, Sergey:Volkov"]
[Black "SHEEHAN, ETHAN THOMAS:Chessking2008"]
[Result "1-0"]
[ICCResult "Black resigns"]
[WhiteElo "2607"]
[BlackElo "2192"]
[Opening "King's Indian: 6.Be2"]
[ECO "E91"]
[NIC "BI.03"]
[Time "14:31:35"]
[PlyCount "85"]
[TimeControl "4500+10"]

1. d4 Nf6 2. c4 g6 3. Nc3 Bg7 4. e4 d6 5. Nf3 O-O 6. Be2 c5 7. d5 e6 8. Nd2
exd5 9. cxd5 a6 10. a4 Re8 11. O-O Nbd7 12. h3 Qc7 13. Qc2 b6 14. Nc4 Rb8
15. Bf4 Bf8 16. Ne3 Ne5 17. Bh2 Bg7 18. Kh1 Bh6 19. f4 Ned7 20. Nc4 b5 21.
axb5 axb5 22. Nxd6 Qxd6 23. e5 Qf8 24. exf6 Nxf6 25. Bxb5 Bf5 26. Qf2 Red8
27. Bc4 Ne4 28. Nxe4 Bxe4 29. Rad1 Bg7 30. b3 Bd4 31. Rxd4 cxd4 32. f5 Bxd5
33. fxg6 hxg6 34. Bxd5 Rxd5 35. Bxb8 Rf5 36. Bf4 Qb4 37. Rc1 g5 38. Qg3 f6
39. Bd6 Qb5 40. Qe1 Qd7 41. Rc7 Qxd6 42. Qe8+ Qf8 43. Qg6+ { Black resigns
} 1-0

[Event "ICC tourney 2548 (75 10)"]
[Site "Internet Chess Club"]
[Date "2021.05.01"]
[Round "2"]
[White "REMPE, JONAS JAKOB RAZA:Drachekokosnuss"]
[Black "CHEN, RYO WENYU:e4f5"]
[Result "0-1"]
[ICCResult "White checkmated"]
[WhiteElo "2100"]
[BlackElo "2295"]
[Opening "Sicilian: Richter-Rauzer, Rauzer attack"]
[ECO "B63"]
[NIC "SI.27"]
[Time "14:31:30"]
[PlyCount "56"]
[TimeControl "4500+10"]

1. e4 c5 2. Nf3 d6 3. d4 cxd4 4. Nxd4 Nf6 5. Nc3 Nc6 6. Bg5 e6 7. Qd2 Qb6
8. O-O-O Qxd4 9. Qxd4 Nxd4 10. Rxd4 a6 11. f3 Bd7 12. Bc4 Bc6 13. Rhd1 Be7
14. a4 Rd8 15. f4 h6 16. Bh4 g5 17. fxg5 Ng4 18. Bg3 hxg5 19. Bxd6 Bxd6 20.
Rxd6 Rxd6 21. Rxd6 Ke7 22. Rd2 Rxh2 23. Re2 Kd6 24. b4 Ke5 25. b5 Kd4 26.
g3 Rh1+ 27. Kd2 Ne5 28. Bd3 Nf3# { White checkmated } 0-1

[Event "ICC tourney 2548 (75 10)"]
[Site "Internet Chess Club"]
[Date "2021.05.01"]
[Round "2"]
[White "JORAJURIA MENDOZA, ALGOL:AJM04"]
[Black "RODRIGUEZ, ELENA:Cachi16"]
[Result "0-1"]
[ICCResult "White resigns"]
[WhiteElo "2050"]
[BlackElo "2100"]
[Opening "Ruy Lopez: closed"]
[ECO "C90"]
[NIC "RL.19"]
[Time "14:31:21"]
[PlyCount "66"]
[TimeControl "4500+10"]

1. e4 e5 2. Nf3 Nc6 3. Bb5 a6 4. Ba4 Nf6 5. O-O Be7 6. Re1 b5 7. Bb3 d6 8.
a4 Rb8 9. d4 exd4 10. Nxd4 Nxd4 11. Qxd4 c5 12. Qd1 c4 13. Ba2 Bb7 14. Nc3
Bc6 15. Bf4 O-O 16. h3 Re8 17. Qd2 Qc7 18. Rad1 Rbd8 19. Bb1 h6 20. Nd5
Bxd5 21. exd5 Bf8 22. c3 Rxe1+ 23. Rxe1 Qc5 24. Rd1 bxa4 25. Qc2 Qb5 26. g4
g6 27. Qd2 Kh7 28. Bxh6 Bxh6 29. g5 Bxg5 30. Qxg5 Kg7 31. h4 Re8 32. h5
Nxh5 33. Kh1 Re5 { White resigns } 0-1

[Event "ICC tourney 2548 (75 10)"]
[Site "Internet Chess Club"]
[Date "2021.05.01"]
[Round "2"]
[White "HO, COOPER:arsenicblast"]
[Black "BROWN, WAYNE B:Plato"]
[Result "1-0"]
[ICCResult "Black resigns"]
[WhiteElo "1951"]
[BlackElo "2025"]
[Opening "Sicilian: Kan, 5.Nc3"]
[ECO "B43"]
[NIC "SI.41"]
[Time "14:31:37"]
[PlyCount "76"]
[TimeControl "4500+10"]

1. e4 c5 2. Nf3 e6 3. d4 cxd4 4. Nxd4 a6 5. Nc3 b5 6. Bd3 Bb7 7. O-O Qc7 8.
Re1 Nc6 9. Nce2 Nxd4 10. Nxd4 Bc5 11. c3 d6 12. Qg4 Bxd4 13. cxd4 Ne7 14.
Qxg7 Rg8 15. Qxh7 Rg6 16. Bf4 Nc6 17. e5 Rxg2+ 18. Kxg2 Nxe5+ 19. Be4 Nd3
20. Bg3 Nxe1+ 21. Rxe1 O-O-O 22. Bxb7+ Qxb7+ 23. Qe4 Qxe4+ 24. Rxe4 Kd7 25.
Re2 Rc8 26. h4 Rc4 27. Rd2 f6 28. h5 Rc8 29. Kh3 Ke7 30. Kh4 e5 31. dxe5
dxe5 32. h6 Kf7 33. Kh5 Rc7 34. Rd6 a5 35. Bh4 Rc4 36. Rxf6+ Kg8 37. Bg5
Kh7 38. Rf7+ Kh8 { Black resigns } 1-0

[Event "ICC tourney 2548 (75 10)"]
[Site "Internet Chess Club"]
[Date "2021.05.01"]
[Round "2"]
[White "HEBDEN, MARK L:mhebden"]
[Black "MYSORE, ABHINAV NAVEEN:Mapking1"]
[Result "1-0"]
[ICCResult "Black resigns"]
[WhiteElo "2503"]
[BlackElo "2011"]
[Opening "Neo-Grünfeld, 6.O-O"]
[ECO "D77"]
[NIC "GI.02"]
[Time "14:31:29"]
[PlyCount "78"]
[TimeControl "4500+10"]

1. d4 Nf6 2. Nf3 g6 3. g3 Bg7 4. Bg2 O-O 5. O-O d5 6. c4 e6 7. b3 c5 8. e3
Nc6 9. Bb2 Ne4 10. Qc2 Nb4 11. Qe2 b6 12. Rd1 Ba6 13. Nc3 dxc4 14. bxc4
Nxc3 15. Bxc3 Nd5 16. Bb2 Qc7 17. Rac1 Rac8 18. e4 Nf6 19. d5 exd5 20. exd5
Rfe8 21. Qc2 Rcd8 22. Re1 Bc8 23. Be5 Qb7 24. Qb2 Nh5 25. Bxg7 Nxg7 26. Ne5
Qe7 27. Qd2 Qd6 28. Qf4 f6 29. Nc6 Qxf4 30. gxf4 Rd7 31. a4 Kf8 32. a5 bxa5
33. Rxe8+ Kxe8 34. Ra1 Rc7 35. Rxa5 Bd7 36. Nxa7 Nh5 37. d6 Rxa7 38. Rxa7
Nxf4 39. Rc7 Kf7 { Black resigns } 1-0

[Event "ICC tourney 2548 (75 10)"]
[Site "Internet Chess Club"]
[Date "2021.05.01"]
[Round "2"]
[White "RAMA, TEJAS:tejasrama"]
[Black "AHMED, SYED IBRAHIM:mr-sosa"]
[Result "1/2-1/2"]
[ICCResult "Game drawn by mutual agreement"]
[WhiteElo "2282"]
[BlackElo "2086"]
[Opening "Queen's pawn, Mason variation, Steinitz counter-gambit"]
[ECO "D00"]
[NIC "QP.08"]
[Time "14:31:22"]
[PlyCount "68"]
[TimeControl "4500+10"]

1. d4 d5 2. Bf4 c5 3. e3 Nc6 4. c3 Bf5 5. Bd3 Bxd3 6. Qxd3 e6 7. Nf3 Nf6 8.
Nbd2 Bd6 9. Bg5 Qe7 10. O-O h6 11. Bxf6 Qxf6 12. e4 dxe4 13. Nxe4 Qe7 14.
d5 O-O-O 15. c4 Nb4 16. Qb1 exd5 17. cxd5 Nxd5 18. Re1 Qc7 19. Nxd6+ Rxd6
20. Qf5+ Qd7 21. Qc2 b6 22. Ne5 Qc7 23. Qf5+ Kb8 24. Qxf7 Rc8 25. Qf5 Ne7
26. Qe4 Nc6 27. f4 Rcd8 28. Nxc6+ Qxc6 29. Qxc6 Rxc6 30. Re7 Rc7 31. Rae1
Rd2 32. R1e2 Rxe7 33. Rxd2 Kc7 34. Kf2 Kc6 { Game drawn by mutual agreement
} 1/2-1/2

[Event "ICC tourney 2548 (75 10)"]
[Site "Internet Chess Club"]
[Date "2021.05.01"]
[Round "2"]
[White "OTAWA, YUTO:hidedozyo"]
[Black "DAI, GEORGE JINGCHANG:GeorgeDai"]
[Result "1/2-1/2"]
[ICCResult "Game drawn by mutual agreement"]
[WhiteElo "2344"]
[BlackElo "2077"]
[Opening "Nimzo-Indian: classical variation"]
[ECO "E32"]
[NIC "NI.20"]
[Time "14:31:36"]
[PlyCount "47"]
[TimeControl "4500+10"]

1. d4 Nf6 2. c4 e6 3. Nc3 Bb4 4. Qc2 O-O 5. a3 Bxc3+ 6. Qxc3 b6 7. Bg5 Bb7
8. f3 d5 9. e3 Nbd7 10. cxd5 exd5 11. Bd3 Re8 12. Ne2 Rc8 13. O-O Qe7 14.
Bf5 c5 15. Bxf6 gxf6 16. Bxd7 Qxd7 17. dxc5 Qe7 18. Kf2 Rxc5 19. Qd4 Ba6
20. Rfc1 Bxe2 21. Kxe2 Qe5 22. Qxe5 fxe5 23. b4 Rcc8 24. Kd2 { Game drawn
by mutual agreement } 1/2-1/2